 Dungeon Crawl Stone Soup version 0.31.0-12-g77e489cdc1 (webtiles) character file.

Game seed: 9024861503736407389

0 Goblin1989 the Sneak (level 1, -1/18 HPs)
             Began as a Demonspawn Delver on Feb 16, 2024.
             Slain by a white imp (2 damage)
             ... on level 4 of the Dungeon.
             The game lasted 00:01:00 (115 turns).

Goblin1989 the Sneak (Demonspawn Delver)             Turns: 115, Time: 00:01:00

Health: -1/18      AC:  3    Str: 12    XL:     1   Next: 8%
Magic:  1/1        EV: 11    Int: 10    God:
Gold:   0          SH:  0    Dex: 14    Spells: 0/0 levels left

rFire   . . .        a - +0 mace
rCold   . . .        (no shield)
rNeg    . . .        b - +0 leather armour
rPois   .            (no helmet)
rElec   .            (no cloak)
rCorr   .            (no gloves)
SInv    .            (no boots)
Will    .....        (no amulet)
Stlth   ++           (no ring)
HPRegen 0.23/turn    (no ring)
MPRegen 0.07/turn

%: no passive effects
@: no status effects
A: no striking features
a: no special abilities


You were on level 4 of the Dungeon.
You visited 1 branch of the dungeon, and saw 2 of its levels.

Inventory:

Hand Weapons
 a - a +0 mace (weapon)
Armour
 b - a +0 leather armour (worn)
Wands
 g - a wand of digging (3) {@v3}
Scrolls
 c - a scroll of fog
 d - a scroll of revelation
 e - a scroll of fear
 h - a scroll of amnesia {unknown}
Potions
 f - a potion of haste {@q3,}
 i - a potion of heal wounds {unknown}


   Skills:
 - Level 3.0 Fighting
 + Level 1.8 Maces & Flails
 - Level 1.7 Dodging
 - Level 4.5 Stealth


You couldn't memorise any spells.
You didn't know any spells.
Your spell library contained the following spells:

 Spells                   Type           Power      Damage    Failure   Level
 Dazzling Flash           Conj/Hex       0%         N/A       82%         3
 Mephitic Cloud           Conj/Alch/Air  0%         N/A       82%         3
 Curse of Agony           Necr           0%         N/A       100%        5
 Silence                  Hex/Air        0%         N/A       100%        5


Dungeon Overview and Level Annotations

Branches:
Dungeon (5/15) Zot: 11882
 Temple: D:4-7

Altars:


Message History

Bad monster_list_colour key: strict_neutral Options error: Unknown explore stop condition 'gates' (Goblin1989.rc:83) Welcome, Goblin1989 the Demonspawn Delver.
The Orb of Zot is coveted for many reasons.
Will you seize it for your own?
Press ? for a list of commands and other information.
Found a long sword.
Found an escape hatch in the floor.
Found a stone staircase leading down.
A bombardier beetle comes into view.
Found a stone staircase leading down.
Found 4 stones.
You see here a +0 long sword.
Found a scroll labelled ASKUSE QESOLAX.
h - a scroll labelled ASKUSE QESOLAX
Found 8 gold pieces.
Found a stone staircase leading down.
Found a stone staircase leading up.
Found a stone staircase leading up.
There is a stone staircase leading up here.
You climb upwards.
You hear the sound of rushing water.
There is an entrance to a sewer on this level.
Hurry and find it before the portal rusts away!
The orc shouts!
Found a stone staircase leading down.
There is a stone staircase leading down here.
The orc shouts!
You climb downwards.
There is a stone staircase leading up here.
There is a stone staircase leading up here.
You can't go down here!
You climb upwards.
You hear the sound of rushing water.
There is an entrance to a sewer on this level.
Hurry and find it before the portal rusts away!
There is a stone staircase leading down here.
Found a puce potion.
A goblin comes into view. It is wielding a +0 club.
Found a book of the Senses.
You see here a puce potion.
i - a puce potion You see here a book of the Senses.
You pick up a book of the Senses and begin reading...
You add the spells Dazzling Flash, Mephitic Cloud, Curse of Agony and Silence to your library.
Okay, then.
The helpless goblin fails to defend itself.
You sock the goblin!
You kill the goblin!
Things that are here:
a +0 club; a +0 sling; a goblin corpse You hear the slow rusting of a very distant drain.
You open the door. 3 zombies, a goblin skeleton and a white imp come into view.
Found 17 gold pieces and 2 stones.
Found a glowing golden altar of the Shining One.
There is an open door here.
The goblin skeleton barely misses you. The white imp closely misses you.
There is an open door here.
You hit the white imp.
The white imp is severely wounded.
The white imp hits you. The white imp freezes you.
You take 4 damage, and have 14/18 hp.
MASSIVE DAMAGE!!
You closely miss the white imp.
The white imp is severely wounded.
The white imp barely misses you.
You hit the white imp.
The white imp is almost dead.
The white imp gestures at you. The puff of frost hits you!
Ouch! That really hurt!
* * * LOW HITPOINT WARNING * * *
The white imp hits you.
You die... . █.█ . █.█ ███████

. █.█ ██..... .
████.█████..... .
█...... .....█ █
.███.██.█████...█
██▲██.█
.......)........█
......█
.....██.████....██Z...$█
████....█ █....@5Z.⌂..▲
████..█████.█...██Z....█
...........███..█ ....(█
.███..█████.█...█
██...Z. .█ █..█ █....█
..███ .███.... .......
... ......████████....
... .███.██ ███..█ ...
.█ █.. ...


You could see a white imp, a goblin zombie, a hobgoblin zombie (dormant), a
kobold zombie and a goblin skeleton.

Vanquished Creatures
  A goblin (D:4)
1 creature vanquished.

Notes
Turn   | Place    | Note
-------+----------+-------------------------------------------
     0 | D:5      | Goblin1989 the Demonspawn Delver began the quest for the
                  | Orb.
     0 | D:5      | Reached XP level 1. HP: 18/18 MP: 1/1
     1 | D:5      | Noticed a bombardier beetle
   115 | D:4      | Slain by a white imp

Illustrated notes

Levels and vault maps discovered:
D:4:      minmay_evil_eye, layout_loops_ring, nicolae_tso_besieged_by_evil,
          mainiacjoe_overflow_large_starburst, gup_sewer_entry_bowl,
          nicolae_shop_i_like_big_books
D:5:      nicolae_cairo_tiling_large_dashed, layout_loops_ring

Action                     || total
---------------------------++-------
  Melee: Mace              ||     4
   Stab: Sleeping          ||     1
 Armour: Leather armour    ||     3
  Dodge: Dodged            ||     3
